Map: Rifts to Korhal

Players

DrSeRRoD

  • Race: Terran Terran
  • Spawn Location: 7:00

monk

  • Race: Terran Terran
  • Spawn Location: 7:00

VOD

Have the link to the VOD?

Description

Time

  • Played on: Oct. 3, 2017, 4:19 p.m.
  • Length: 16:06
Show
View Real Time Build Order
Export as new Build Order

DrSeRRoD Terran 

Build Orders:  

Get SALT Encoding   

  12  0:12  SCV  
Show
View Real Time Build Order
Export as new Build Order

monk Terran 

Build Orders:  

Get SALT Encoding   

  12  0:06  SCV  
  13  0:23  SCV  
  13  0:25  Supply Depot  
  15  0:40  SCV  
  15  0:58  SCV, Factory  
  16  1:15  SCV  
  17  1:29  Perdition Turret  
  18  1:32  SCV  
  18  1:38  Devastation Turret  
  18  1:49  SCV  
  19  1:53  Perdition Turret  
  19  2:06  SCV  
  20  2:16  Perdition Turret  
  20  2:22  Devastation Turret  
  20  2:23  SCV  
  21  2:38  Supply Depot  
  22  2:40  SCV  
  22  2:55  Perdition Turret x3  
  22  2:57  SCV  
  23  3:05  Perdition Turret x3  
  23  3:11  Command Center  
  23  3:17  SCV  
  24  3:24  Refinery  
  24  3:28  Refinery  
  24  3:34  SCV  
  24  3:39  Refinery, SCV  
  27  3:51  SCV  
  27  3:56  SCV  
  28  4:04  Refinery  
  28  4:08  SCV  
  28  4:09  Factory Tech Reactor  
  29  4:13  SCV  
  30  4:25  SCV  
  30  4:27  Supply Depot  
  32  4:30  SCV  
  33  4:42  SCV  
  33  4:45  Starport, Factory Tech Reactor  
  33  4:53  SCV  
  33  4:59  SCV  
  35  5:03  Supply Depot  
  35  5:13  SCV  
  35  5:16  SCV  
  38  5:30  SCV  
  38  5:33  SCV  
  38  5:35  Starport Tech Reactor  
  39  5:40  Siege Tank x2  
  39  5:45  Hercules  
  39  5:47  Maelstrom Rounds, SCV  
  49  5:56  SCV  
  50  6:00  Supply Depot  
  50  6:04  SCV  
  51  6:13  SCV  
  53  6:21  SCV  
  53  6:38  SCV x2  
  55  6:41  Siege Tank x2  
  55  6:43  Science Vessel  
  55  6:48  Armory  
  63  6:55  SCV x2  
  66  7:12  Improved Nano-Repair, SCV  
  66  7:13  Science Vessel  
  66  7:18  Upgrade Laser Drill Level 1  
  66  7:19  Terran Vehicle and Ship Weapons Level 1  
  68  7:27  SCV  
  68  7:29  SCV  
  70  7:35  Supply Depot  
  70  7:48  Supply Depot  
  70  7:50  Siege Tank x2  
  76  8:26  Siege Tank x2  
  82  8:31  Factory  
  82  8:32  Supply Depot  
  82  9:00  Hercules  
  82  9:03  Supply Depot  
  85  9:10  Goliath  
  85  9:12  Ares-Class Targeting System  
  89  9:28  Factory Tech Reactor  
  89  9:29  Goliath  
  89  9:36  Supply Depot  
  89  9:42  Goliath  
  91  10:01  Goliath  
  91  10:07  Supply Depot  
  93  10:12  Science Vessel, Multi-Lock Weapons System  
  93  10:13  Goliath x2  
  93  10:14  Goliath  
  93  10:15  Terran Vehicle and Ship Weapons Level 2  
  101  10:33  Goliath  
  103  10:40  Supply Depot  
  103  10:45  Goliath x2  
  107  10:56  Goliath  
  109  11:04  Upgrade Laser Drill Level 2  
  109  11:05  Goliath  
  111  11:11  Supply Depot  
  111  11:17  Goliath  
  113  11:25  Perdition Turret  
  113  11:39  Science Vessel  
  115  11:44  Supply Depot  
  115  11:56  Perdition Turret  
  115  12:03  Goliath x3  
  115  12:06  Goliath  
  117  12:34  Supply Depot  
  117  12:35  Goliath x3  
  123  12:56  Goliath  
  125  13:06  Supply Depot  
  125  13:07  Goliath x2  
  129  13:16  Goliath, Hercules  
  134  13:28  Goliath  
  136  13:39  Goliath, Supply Depot  
  138  13:55  Goliath x2  
  142  14:00  Goliath, Hercules  
  147  14:10  Goliath, Supply Depot  
  149  14:27  Goliath x2  
  153  14:31  Goliath  
  155  14:42  Goliath  
Tags
 
Commander
RaynorSwann
Matchup
Co-op
Replay Pack
Co-op Speedrun
Add a new tag
Caveats
  • Supply blocks, unpowered buildings, or Contaminate may cause inaccurate times.
  • Supply counts are checked every 10 seconds.